 Dungeon Sprint DCSS version 0.21.1-1-g345015f (webtiles) character file.

1345 Fang the Cleaver (level 8, -5/60 HPs)
             Began as a Gargoyle Berserker on May 24, 2018.
             Was a High Priest of Trog.
             Slain by a wyvern (11 damage)
             ... in the Dungeon (Sprint IX: "|||||||||||||||||||||||||||||").
             The game lasted 00:01:06 (338 turns).

Fang the Cleaver (Gargoyle Berserker)                Turns: 338, Time: 00:01:07

Health: -5/60      AC: 16    Str: 24    XL:     8   Next: 62%
Magic:  8/8        EV: 15    Int:  7    God:    Trog [*****.]
Gold:   0          SH:  0    Dex:  9    Spells: 7/7 levels left

rFire    . . .     SeeInvis .   n - +3 war axe (freeze)
rCold    . . .     Gourm    .   (no shield)
rNeg     + . .     Faith    .   o - +2 ring mail
rPois    ∞         Spirit   .   (no helmet)
rElec    +         Reflect  .   (no cloak)
rCorr    .         Harm     .   (no gloves)
MR       .....     NoTele   +   (no boots)
Stlth    +.........             (no amulet)
HPRegen  0.20/turn              p - +2 ring of evasion
MPRegen  0.11/turn              j - +2 ring of protection

@: berserk cooldown, slowed, very slow
A: negative energy resistance 1, electricity resistance, unbreathing,
petrification resistance, rot immunity, AC +5
a: Berserk, Trog's Hand, Brothers in Arms, Burn Spellbooks, Renounce Religion


You were in the Dungeon.
You worshipped Trog.
Trog was extremely pleased with you.
You were hungry.

You visited 1 branch

Inventory:

Hand Weapons
 n - a +3 war axe of freezing (weapon)
Missiles
 b - 8 needles of frenzy
Armour
 o - a +2 ring mail (worn)
Jewellery
 j - a +2 ring of protection (right hand)
 p - a +2 ring of evasion (left hand)
Wands
 m - a wand of iceblast (10)
Scrolls
 i - 2 scrolls of blinking
 l - 3 scrolls of remove curse
Potions
 d - 5 potions of curing
 e - 3 potions of heal wounds
 f - a potion of haste
 g - 4 potions of magic
 h - a potion of berserk rage
 k - a potion of invisibility
Comestibles
 a - a chunk of flesh
 c - a ration


   Skills:
 + Level 11.4 Fighting
 + Level 11.9 Axes
 + Level 6.2 Armour
 + Level 6.0 Dodging
 + Level 1.7 Stealth


You had 7 spell levels left.
You didn't know any spells.

Dungeon Overview and Level Annotations

Branches:
Dungeon (1/1)

Altars:
Cheibriados
Dithmenos
Elyvilon
Fedhas
Gozag
Hepliaklqana
Kikubaaqudgha
Makhleb
Nemelex Xobeh
Okawaru
Qazlal
Ru
Sif Muna
Trog
Uskayaw
Vehumet
Wu Jian
Xom
Yredelemnul
Zin
The Shining One
Beogh
Jiyva
Lugonu


Innate Abilities, Weirdness & Mutations

You are resistant to torment.
Your stone body is resilient. (AC +5)
You are immune to poison.
You resist negative energy. (rN+)
You are resistant to electric shocks. (rElec)
You can survive without breathing.
You are immune to petrification.
You are immune to rotting.


Message History

You hit the wyvern. You freeze the wyvern.
The wyvern is moderately wounded.
The wyvern completely misses you. The wyvern bites you.
* * * LOW HITPOINT WARNING * * *
Unknown command.
You closely miss the wyvern.
The wyvern is moderately wounded.
The wyvern bites you.
* * * LOW HITPOINT WARNING * * *
The wyvern bites you but does no damage.
Unknown command.
You slash the wyvern! You freeze the wyvern.
The wyvern is almost dead.
The wyvern bites you!
* * * LOW HITPOINT WARNING * * *
The wyvern closely misses you.
You hit the wyvern but do no damage.
The wyvern is almost dead.
The wyvern bites you!
You die...

▓[▓
▓)▓
▓†▓
▓)▓
▓.▓
▓.▓
▓.▓
▓.▓
▓@▓
▓l▓
▓F▓
▓.▓
▓.▓
▓.▓
▓.▓
▓+▓


You could see a wyvern and a bullfrog.

Vanquished Creatures
  A tengu warrior (D)
  A hornet (D)
  2 orc warriors (D)
  A sky beast (D)
  A necrophage (D)
  An ogre (D)
  A centaur (D)
  An iguana (D)
  2 adder zombies (D)
  A leopard gecko (D)
  An orc (D)
  A bat skeleton (D)
  3 hobgoblins (D)
  A kobold (D)
  A quokka (D)
  A ball python (D)
20 creatures vanquished.

Notes
Turn   | Place    | Note
-------+----------+-------------------------------------------
     0 | D        | Fang the Gargoyle Berserker began the quest for the Orb.
     0 | D        | Reached XP level 1. HP: 14/14 MP: 1/1
    10 | D        | Reached ** piety under Trog
   162 | D        | Noticed an iguana
   166 | D        | Killed an iguana
   166 | D        | Reached skill level 5 in Fighting
   166 | D        | Reached XP level 2. HP: 21/21 MP: 2/2
   166 | D        | Reached XP level 3. HP: 26/26 MP: 3/3
   170 | D        | Reached *** piety under Trog
   185 | D        | Found a roughly hewn altar of Beogh.
   185 | D        | Found a snail-covered altar of Cheibriados.
   185 | D        | Found a shadowy altar of Dithmenos.
   185 | D        | Found a white marble altar of Elyvilon.
   185 | D        | Found a blossoming altar of Fedhas.
   185 | D        | Found an opulent altar of Gozag.
   186 | D        | Found a hazy altar of Hepliaklqana.
   187 | D        | Found a viscous altar of Jiyva.
   188 | D        | Found an ancient bone altar of Kikubaaqudgha.
   189 | D        | Found a corrupted altar of Lugonu.
   190 | D        | Found a burning altar of Makhleb.
   191 | D        | Found a sparkling altar of Nemelex Xobeh.
   192 | D        | Found an iron altar of Okawaru.
   193 | D        | Found a stormy altar of Qazlal.
   194 | D        | Found a sacrificial altar of Ru.
   195 | D        | Found a deep blue altar of Sif Muna.
   196 | D        | Found a bloodstained altar of Trog.
   197 | D        | Found a hide-covered altar of Uskayaw.
   198 | D        | Found a radiant altar of Vehumet.
   199 | D        | Found an ornate altar of the Wu Jian Council.
   200 | D        | Found a shimmering altar of Xom.
   201 | D        | Found a basalt altar of Yredelemnul.
   202 | D        | Found a glowing silver altar of Zin.
   203 | D        | Found a glowing golden altar of the Shining One.
   250 | D        | Noticed an ogre
   250 | D        | Noticed a necrophage
   250 | D        | Noticed a sky beast
   250 | D        | Noticed a centaur
   253 | D        | Killed an ogre
   253 | D        | Reached **** piety under Trog
   253 | D        | Reached XP level 4. HP: 32/32 MP: 4/4
   253 | D        | Reached XP level 5. HP: 37/37 MP: 5/5
   259 | D        | Killed a necrophage
   260 | D        | Killed a sky beast
   260 | D        | Received a gift from Trog
   260 | D        | Reached XP level 6. HP: 45/45 MP: 6/6
   263 | D        | Reached skill level 1 in Stealth
   304 | D        | Noticed an orc warrior
   304 | D        | Noticed a hornet
   304 | D        | Noticed an orc warrior
   304 | D        | Noticed a tengu warrior
   304 | D        | Noticed a wyvern
   308 | D        | Killed an orc warrior
   308 | D        | Reached XP level 7. HP: 51/51 MP: 7/7
   316 | D        | Killed a hornet
   316 | D        | Reached ***** piety under Trog
   316 | D        | Reached skill level 10 in Fighting
   316 | D        | Reached skill level 10 in Axes
   316 | D        | Reached skill level 5 in Armour
   316 | D        | Reached skill level 5 in Dodging
   325 | D        | Killed a tengu warrior
   325 | D        | Reached XP level 8. HP: 35/60 MP: 8/8
   338 | D        | Slain by a wyvern

Skill      XL: |  1  2  3  4  5  6  7  8 |
---------------+-------------------------+-----
Axes           | 4 6 8 9 11 | 11.9
Fighting       | 5 6 8 9 11 | 11.4
Armour         | 3 4 6 |  6.2
Dodging        | 2 3 4 5 6 |  6.0
Stealth        | 1 |  1.7

Action                   |  1- 3 |  4- 6 |  7- 9 || total
-------------------------+-------+-------+-------++-------
Melee: Hand axe          |    29 |       |       ||    29
       War axe           |     2 |    14 |    30 ||    46
Invok: Berserk           |     2 |     1 |       ||     3
Armor: Animal skin       |     5 |       |       ||     5
       Ring mail         |       |     3 |    15 ||    18
Dodge: Dodged            |    14 |     7 |    13 ||    34
